Map: Prion Terraces

Players

Pokebunny - Winner!

  • Race: Terran Terran
  • League: Grandmaster

NYK

  • Race: Zerg Zerg
  • League: Grandmaster

VOD

Have the link to the VOD?

Description

Time

  • Played on: April 6, 2016, 9:17 p.m.
  • Length: 7:11
Show
View Real Time Build Order
Export as new Build Order

Pokebunny Terran - Winner!

Build Orders: Reaper Expand 

Get SALT Encoding   

  12  0:00  SCV  
  13  0:13  SCV  
  14  0:18  Supply Depot  
  14  0:25  SCV  
  15  0:41  Barracks, SCV  
  16  0:44  Refinery  
  16  0:53  SCV  
  17  1:05  SCV  
  18  1:18  SCV  
  19  1:29  Reaper  
  19  1:30  Orbital Command  
  20  1:40  Command Center  
  20  1:51  Supply Depot  
  20  1:56  SCV  
  21  2:01  Barracks Reactor  
  21  2:06  Barracks  
  21  2:08  SCV  
  22  2:17  Barracks  
  22  2:20  SCV  
  23  2:32  Refinery  
  23  2:40  Marine x2  
  23  2:41  SCV  
  26  2:47  Factory  
  26  2:53  Orbital Command  
  26  2:54  SCV  
  27  3:03  Marine  
  27  3:04  Marine, Barracks Tech Lab  
  29  3:09  SCV  
  30  3:14  Marine  
  31  3:22  Stimpack  
  31  3:24  Marine x3  
  33  3:29  SCV x2  
  35  3:34  Starport  
  35  3:36  Factory Reactor  
  35  3:40  Supply Depot  
  35  3:43  SCV  
  35  3:45  SCV  
  37  3:49  Supply Depot, Marine  
  37  3:50  Marine  
  37  3:52  Marine  
  40  3:57  Marine  
  40  4:00  SCV x2  
  43  4:05  Engineering Bay  
  43  4:07  Marine  
  43  4:09  Marine  
  45  4:10  Marine  
  45  4:14  Refinery  
  46  4:20  SCV  
  46  4:21  SCV  
  46  4:22  Medivac x2  
  52  4:26  Factory Tech Lab  
  52  4:27  Marine  
  52  4:28  Marine  
  54  4:34  Terran Infantry Weapons Level 1  
  54  4:38  Supply Depot  
  54  4:40  Supply Depot, SCV x2  
  54  4:43  Marine  
  57  4:46  Marine  
  57  4:47  Marine x2  
  60  4:59  Siege Tank  
  63  5:01  Barracks  
  63  5:02  Barracks  
  63  5:06  Marine x3  
  66  5:10  Marine  
  67  5:15  Supply Depot  
  67  5:21  Medivac x2  
  71  5:22  SCV  
  71  5:24  Marine  
  71  5:26  Marine x2  
  71  5:27  Supply Depot  
  75  5:29  Marine  
  69  5:45  Siege Tank  
  69  5:48  Marine  
  69  5:49  Marine x5  
  78  5:52  Supply Depot  
  78  6:06  Marine x2  
  80  6:12  Marine  
  80  6:13  Marine x3  
  80  6:15  Medivac x2  
  80  6:16  Supply Depot  
  80  6:17  Siege Tank  
  86  6:28  Marine x2  
  86  6:30  Marine  
  86  6:31  Marine  
  90  6:37  Marine  
  90  6:38  Marine  
  91  6:45  Command Center  
  91  6:46  Marine  
  92  6:49  Marine x3  
  97  7:02  Supply Depot  
Show
View Real Time Build Order
Export as new Build Order

NYK Zerg 

Build Orders: Hatch First 

Get SALT Encoding   

  12  0:01  Drone  
  13  0:12  Overlord  
  13  0:20  Drone  
  14  0:32  Drone x2  
  16  0:37  Drone  
  17  0:58  Hatchery  
  17  1:00  Extractor  
  17  1:02  Drone x2  
  17  1:17  Extractor  
  16  1:19  Spawning Pool  
  16  1:21  Drone  
  16  1:27  Drone  
  16  1:31  Overlord  
  17  1:39  Drone  
  18  2:06  Queen  
  18  2:08  Zergling x4  
  22  2:14  Queen  
  24  2:19  Metabolic Boost  
  24  2:30  Extractor  
  24  2:34  Drone x2  
  24  2:35  Drone x2  
  27  2:43  Zergling x4  
  28  2:58  Drone x4  
  32  3:07  Overlord  
  32  3:25  Overlord  
  32  3:26  Drone x4, Hatchery  
  35  3:29  Extractor  
  35  3:31  Roach Warren  
  33  3:46  Overlord  
  32  4:11  Roach  
  32  4:12  Roach x10  
  32  4:16  Overlord  
  54  4:23  Zergling x2  
  55  4:30  Zergling x8  
  59  4:35  Evolution Chamber  
  59  4:38  Zergling x6  
  61  4:46  Zergling x4  
  61  4:47  Zergling x2  
  61  4:51  Overlord  
  64  4:55  Zergling x2  
  65  5:05  Zergling x2  
  65  5:06  Zergling x10  
  69  5:14  Zergling x2  
  69  5:15  Zergling x6  
  69  5:20  Ravager x4  
  77  5:22  Ravager  
  68  5:43  Zergling x2  
  68  5:44  Zergling x8  
  68  5:46  Overlord  
  71  6:01  Zergling x6  
  68  6:14  Drone x4  
  68  6:15  Drone x2, Overlord  
  68  6:16  Overlord x2  
  65  6:27  Drone x2  
  65  6:28  Drone x2  
  68  6:33  Drone x3  
  71  6:56  Drone x3  
  71  6:57  Drone x3  
  77  7:06  Extractor  
Tags
 
Add a new tag
Caveats
  • Supply blocks, unpowered buildings, or Contaminate may cause inaccurate times.
  • Supply counts are checked every 10 seconds.